AoeStats
← Coneishon

Nomad

509281728Analyzed
2v2 RM · 7d ago on Sep 26, 2026· 56m 4s· 4 players
Game mode
Random Map
Map size
176×176
Population
200
Speed
Normal
Resources
Standard
Victory
Conquest
Starting age
Dark Age
Ending age
Imperial Age
RankedLock teamsTeams togetherTeam positionsShared explorationLock speedFull tech treeHidden civsTurbo modeCheats
Victory
Defeat
🇨🇴 Burmese · Colombia
1218
+17
🇨🇴 Dravidians · Colombia
1183
+19
🇦🇷 Saxons · Argentina
1253
-18
🇦🇷 Vikings · Argentina
1236
-18
Mi abuela
5:12 Loom
13:15 Feudal Age
14:23 Town Watch
17:12 Fletching
20:20 Castle Age
20:58 Bodkin Arrow
23:41 Crossbowman
24:54 Thumb Ring
28:43 Ballistics
39:40 Imperial Age
40:11 Padded Archer Armor
40:31 Masonry
40:45 Murder Holes
41:10 Forging
41:06 Bracer
41:16 Double-Bit Axe
44:18 Arbalester
46:40 Gold Mining
48:37 Leather Archer Armor
50:32 Chemistry
50:55 Wheelbarrow
51:00 Conscription
53:13 Forging
53:04 Scale Mail Armor
54:31 Iron Casting
54:57 Fishing Lines
56:35 Chain Mail Armor
MIGK
5:13 Loom
13:06 Feudal Age
13:32 Town Watch
13:17 Man-at-Arms
14:24 Arson
23:16 Wheelbarrow
24:35 Fishing Lines
26:11 Forging
28:07 Castle Age
29:29 Iron Casting
28:28 Long Swordsman
29:42 Scale Mail Armor
31:33 Sanctity
31:37 Gambesons
35:15 Gillnets
37:20 Squires
38:55 Wheelbarrow
38:03 Horse Collar
39:26 Chain Mail Armor
40:35 Heavy Plow
49:18 Imperial Age
49:32 Two-Handed Swordsman
51:02 Plate Mail Armor
50:46 Champion
51:57 Gold Mining
53:21 Blast Furnace
53:52 Conscription
54:42 Crop Rotation
54:50 Gold Shaft Mining
54:33 Hand Cart
54:21 Town Patrol
AgusssMetall
7:43 Loom
11:42 Feudal Age
13:38 Man-at-Arms
18:38 Double-Bit Axe
19:32 Wheelbarrow
27:23 Castle Age
27:01 Forging
26:52 Scale Mail Armor
26:51 Gold Mining
38:09 Chain Mail Armor
38:29 Iron Casting
41:33 Iron Casting
41:18 Squires
41:04 Gambesons
43:46 Hand Cart
46:41 Imperial Age
51:29 Plate Mail Armor
52:10 Shield Wall
Coneishon
10:25 Loom
13:52 Feudal Age
19:02 Castle Age
17:42 Stone Mining
Connection lost

Rejoining the realm…

Still unreachable

The connection could not be restored.

Session expired

The server has moved on; the page needs a fresh start.